 Dungeon Crawl Stone Soup version 0.30-a0-1160-g6e42c06551 (webtiles) character file.

Game seed: 7271827135808236127

16 avis the Insei (level 2, 0/24 HPs)
             Began as a Demigod Transmuter on Apr 26, 2023.
             Slain by a gnoll
             ... wielding a +0 spear
              (9 damage)
             ... on level 1 of the Dungeon.
             The game lasted 00:04:13 (625 turns).

avis the Insei (Demigod Transmuter)                  Turns: 625, Time: 00:04:13

Health: 0/24       AC:  3    Str: 11    XL:     2   Next: 27%
Magic:  6/7        EV: 12    Int: 15    God:
Gold:   11         SH:  5    Dex: 14    Spells: 3/4 levels left

rFire   . .          .
                       - Unarmed
rCold   . . .        (no shield)
rNeg    . . .        a - +0 robe
rPois   .            (helmet currently unavailable)
rElec   .            (no cloak)
rCorr   .            l - +0 pair of gloves
SInv    .            (boots currently unavailable)
Will    .....        f - amulet of reflection
Stlth   +            (no ring)
HPRegen 0.24/turn    (no ring)
MPRegen 0.10/turn

%: reflection
@: appendages (expiring)
A: horns 2, talons 2, high MP 1, forlorn, divine attributes
a: End Transformation


You were on level 1 of the Dungeon.
You had temporarily grown beastly horns and talons.
You visited 1 branch of the dungeon, and saw 1 of its levels.

You collected 11 gold pieces.

Inventory:

Armour
 a - a +0 robe (worn)
 l - a +0 pair of gloves (worn)
Jewellery
 f - an amulet of reflection (around neck)
Scrolls
 e - 2 scrolls of teleportation {unknown}
 h - a scroll of fear {unknown}
 i - a scroll of magic mapping {unknown}
 k - a scroll of vulnerability {unknown}
 m - a scroll of identify {unknown}
Potions
 b - a potion of lignification
 c - a potion of heal wounds {unknown}
 d - 2 potions of curing {unknown}
 g - a potion of resistance {unknown}
 j - a potion of invisibility {unknown}
 n - a potion of haste {unknown}


   Skills:
 - Level 2.0 Fighting
 - Level 1.7 Dodging
 * Level 2.9 Unarmed Combat
 - Level 1.7 Spellcasting
 - Level 1.7 Transmutations


You had 3 spell levels left.
You knew the following spells:

 Your Spells              Type           Power      Damage    Failure   Level
a - Beastly Appendage     Tmut           12%        N/A       11%         1

Your spell library contained the following spells:

 Spells                   Type           Power      Damage    Failure   Level
 Wereblood                Tmut           6%         N/A       17%         2
 Spider Form              Tmut/Pois      3%         N/A       43%         3
 Ice Form                 Ice/Tmut       3%         N/A       85%         4


Dungeon Overview and Level Annotations

Branches:
Dungeon (1/15)


Innate Abilities, Weirdness & Mutations

You have temporarily grown beastly horns and talons.
You have an increased reservoir of magic. (+10% MP)
You shall have no god before yourself.
Your divine heritage dramatically boosts your attributes as you level up.


Message History

The bat is moderately wounded.
The bat hits you but does no damage.
You hit the bat.
You kill the bat!
Your horns disappear.
Your talons disappear.
m - a scroll labelled YTTEME WENYSE
Found a dagger.
n - a pink potion
d - 2 ruby potions (gained 1)
There is a stone staircase leading down here.
Found a stone staircase leading down.
A gnoll comes into view. It is wielding a +0 spear.
The gnoll shouts!
Casting: Beastly Appendage (safe; 11% risk of failure)
Confirm with . or Enter, or press ? or * to list all spells.
You grow a pair of large bovine horns.
Your feet morph into talons.
The gnoll hits you from afar with a +0 spear.
Your transformation is almost over.
The gnoll closely misses you.
You closely miss the gnoll. Your kick misses the gnoll.
You block the gnoll's attack.
You closely miss the gnoll. You claw the gnoll.
The gnoll is lightly wounded.
The gnoll hits you with a +0 spear.
You barely miss the gnoll.
The gnoll is lightly wounded.
The gnoll hits you but does no damage.
You hit the gnoll but do no damage. Your kick misses the gnoll.
The gnoll is lightly wounded.
The gnoll hits you with a +0 spear.
You hit the gnoll but do no damage. You claw the gnoll.
The gnoll is heavily wounded.
The gnoll hits you with a +0 spear.
You hit the gnoll but do no damage. Your headbutt misses the gnoll.
The gnoll is heavily wounded.
The gnoll hits you with a +0 spear.
You completely miss the gnoll. You headbutt the gnoll.
The gnoll is severely wounded.
The gnoll hits you with a +0 spear!
You die...

## .# ### .# #.. .# #># .#
#.# .# #.# ##g## #######
#.####.####@..# #####......
#...........#.......##.#####
#####..####...#####.##.#####
#..# ##.## ##.#.......
#######..# #.#####..†..#####
#........# #...........##.##
#.######.# #.#####....##....
#.#......# #.## ##.#.###.##
#.#.###### #..#####.#.# #.##


You could see a gnoll.

Vanquished Creatures
  2 bats (D:1)
  A goblin (D:1)
  2 hobgoblins (D:1)
  4 jackals (D:1)
  2 quokkas (D:1)
  2 ball pythons (D:1)
  A rat (D:1)
14 creatures vanquished.

Notes
Turn   | Place    | Note
-------+----------+-------------------------------------------
     0 | D:1      | avis the Demigod Transmuter began the quest for the Orb.
     0 | D:1      | Reached XP level 1. HP: 15/15 MP: 5/5
    20 | D:1      | Reached skill level 1 in Fighting
   190 | D:1      | Reached XP level 2. HP: 14/24 MP: 5/7
   625 | D:1      | Slain by a gnoll

Illustrated notes

Levels and vault maps discovered:
D:1:      dpeg_arrival_pits, layout_loops_ring, shapermc_ecumenical_altar_gd

Skill      XL: |  1 |
---------------+----+-----
Fighting       | 2 |  2.0
Dodging        | |  1.7
Unarmed Combat | |  2.9
Spellcasting   | |  1.7
Transmutations | |  1.7

Action                     || total
---------------------------++-------
  Melee: Unarmed           ||    62
         Kick              ||    13
         Headbutt          ||     9
   Cast: Beastly Appendage ||    11
 Armour: Robe              ||    14
  Dodge: Dodged            ||    44
  Block: Other             ||     2

Table legend: (Time is in decaauts)
 A = Elapsed time spent in this place.
 B = Non-inter-level travel time spent in this place.
 C = Inter-level travel time spent in this place.
 D = Time resting spent in this place.
 E = Time spent auto-exploring this place.
 F = Levels seen in this place.
 G = Mean time per level.
                   A        B        C        D        E       F      G
               +--------+--------+--------+--------+--------+-----+--------+
         Total |    622 |    622 |      0 |     39 |    426 |   1 |  622.0 |
       Dungeon |    622 |    622 |      0 |     39 |    426 |   1 |  622.0 |
               +--------+--------+--------+--------+--------+-----+--------+

Top non-repeatable levels by time:
     D:1: 622 daAuts
